 Dungeon Crawl Stone Soup version 0.24.0-13-gcf9b319 (webtiles) character file.

Game seed: 5676240498902525383, levelgen mode: deterministic

22 ClockworkOrrery the Magician (level 2, 18/18 HPs)
             Began as a Gargoyle Wizard on Mar 15, 2020.
             Quit the game on level 1 of the Dungeon.
             The game lasted 00:03:51 (1160 turns).

ClockworkOrrery the Magician (Gargoyle Wizard)      Turns: 1160, Time: 00:03:52

Health: 18/18      AC:  4    Str: 10    XL:     2   Next: 91%
Magic:  6/6        EV: 12    Int: 18    God:
Gold:   59         SH:  0    Dex:  8    Spells: 6/7 levels left

rFire    . . .     SeeInvis .   (no weapon)
rCold    . . .     Gourm    .   (no shield)
rNeg     + . .     Faith    .   a - +0 robe
rPois    ∞         Spirit   .   b - +0 hat
rElec    +         Reflect  .   (no cloak)
rCorr    .         Harm     .   (no gloves)
MR       .....                  (no boots)
Stlth    ++........             (no amulet)
HPRegen  0.06/turn              (no ring)
MPRegen  0.10/turn              (no ring)

@: no status effects
A: negative energy resistance 1, electricity resistance, unbreathing,
petrification resistance, rot immunity, AC +2
a: no special abilities


You were on level 1 of the Dungeon.
You were not hungry.

You visited 1 branch of the dungeon, and saw 2 of its levels.

You collected 59 gold pieces.

Inventory:

Missiles
 g - 13 stones (quivered)
Armour
 a - a +0 robe (worn)
 b - a +0 hat (worn)
 c - a +2 leather armour of magic resistance
 f - a +0 chain mail
Jewellery
 j - an uncursed amulet of guardian spirit {unknown}
Scrolls
 i - 2 scrolls of teleportation {unknown}
 l - 3 scrolls of fog {unknown}
Potions
 e - a potion of might {unknown}
 h - a potion of heal wounds {unknown}
Comestibles
 d - 2 rations


   Skills:
 * Level 2.7 Fighting
 - Level 1.5 Dodging
 - Level 2.1 Stealth
 - Level 3.0 Spellcasting
 - Level 1.1 Conjurations
   Level 0.8 Summonings
   Level 0.8 Translocations


You had 6 spell levels left.
You knew the following spells:

 Your Spells              Type           Power        Failure   Level  Hunger
a - Magic Dart            Conj           #...         11%         1    None

Your spell library contained the following spells:

 Spells                   Type           Power        Failure   Level  Hunger
 Blink                    Tloc           N/A          17%         2    ##.....
 Call Imp                 Summ           #.......     17%         2    ##.....
 Slow                     Hex            #.......     24%         2    ##.....
 Conjure Flame            Conj/Fire      #.......     36%         3    ###....
 Mephitic Cloud           Conj/Pois/Air  #.......     38%         3    ###....


Dungeon Overview and Level Annotations

Branches:
Dungeon (2/15)

Altars:


Innate Abilities, Weirdness & Mutations

You are resistant to torment.
Your stone body is resilient. (AC +2)
You are immune to poison.
You resist negative energy. (rN+)
You are resistant to electric shocks. (rElec)
You can survive without breathing.
You are immune to petrification.
You are immune to rotting.


Message History

The worm is lightly wounded.
The worm barely misses you.
You hit the worm but do no damage. The worm bites you!
You hit the worm.
The worm is lightly wounded.
You barely miss the worm.
The worm is lightly wounded.
The worm closely misses you.
There is a stone staircase leading up here.
You climb upwards.
There is a stone staircase leading down here.
You start resting.
Your magical contamination has completely faded away.
You start resting.
Magic restored.
You start resting.
Eating a chunk of flesh.
You eat the chunk of flesh.
This raw flesh tastes terrible.
HP restored.
Are you sure you want to abandon this character and quit the game? (Confirm with "yes".)

####### ......#
#####.#
##.############
#.............#
#..##########.#
####..###### #.#
...........# #.#
..##..####.# #@#
#.##..# #.# #.#
#.##..####.### #[#
#.##..##.....# #.#
......##.###.###.#
#.##.....# #.....#
....####.###.#########
#.#.# #.............#
#.#.################.#


There were no monsters in sight!

Vanquished Creatures
  A dart slug (D:1)
  5 goblins (D:1)
  A hobgoblin (D:1)
  5 bats
  5 kobolds (D:1)
  4 rats (D:1)
21 creatures vanquished.

Notes
Turn   | Place    | Note
-------+----------+-------------------------------------------
     0 | D:1      | ClockworkOrrery the Gargoyle Wizard began the quest for the
                  | Orb.
     0 | D:1      | Reached XP level 1. HP: 10/10 MP: 4/4
   101 | D:1      | Reached skill level 1 in Fighting
   213 | D:1      | Reached XP level 2. HP: 17/17 MP: 1/6
  1160 | D:1      | Quit the game

Levels and vault maps discovered:
D:1:      dpeg_arrival_simpleton_c, layout_loops_ring
D:2:      layout_rooms, lemuel_coloured_pillars_altar, lemuel_crystal_altar

Skill      XL: |  1  2 |
---------------+-------+-----
Fighting       | 1 2 |  2.7
Dodging        | |  1.5
Stealth        | |  2.1
Spellcasting   | |  3.0
Conjurations   | |  1.1
Summonings     | |  0.8
Translocations | |  0.8

Action                   || total
-------------------------++-------
Melee: Unarmed           ||    15
 Cast: Magic Dart        ||    49
  Eat: Chunk             ||     1
Armor: Robe              ||     3
Dodge: Dodged            ||    21
